 Dungeon Crawl Stone Soup version 0.28.0-45-g0d030f2227 (webtiles) character file.

Game seed: 7321080560523289060

976 issech the Cudgeller (level 7, -10/68 HPs)
             Began as a Troll Monk on Apr 19, 2022.
             Killed by divine providence
             ... invoked by an orc priest
              (14 damage)
             ... on level 5 of the Dungeon.
             The game lasted 00:16:46 (4835 turns).

issech the Cudgeller (Troll Monk)                   Turns: 4835, Time: 00:16:47

Health: -10/68     AC:  6    Str: 20    XL:     7   Next: 95%
Magic:  6/6        EV: 10    Int:  6    God:
Gold:   216        SH:  6    Dex: 14    Spells: 6/6 levels left

rFire   . . .      SeeInvis .   y - +3 morningstar (holy)
rCold   . . .      Faith    .   A - +0 kite shield
rNeg    . . .      Spirit   .   z - +2 robe
rPois   .          Reflect  .   (helmet restricted)
rElec   .          Harm     .   (no cloak)
rCorr   .          Rampage  .   (gloves unavailable)
Will    .....                   (boots unavailable)
Stlth   ++........              (no amulet)
HPRegen 1.01/turn               q - ring of flight
MPRegen 0.10/turn               (no ring)

@: flying
A: large, unfitting armour, claws 3, regeneration 1, shaggy fur 1, tough skin 1
a: no special abilities


You were on level 5 of the Dungeon.
You visited 1 branch of the dungeon, and saw 5 of its levels.

You collected 216 gold pieces.

Inventory:

Hand Weapons
 h - a +2 dagger of venom
 p - the +9 whip of Baup {vamp, Str-4 Dex+6}
   (You found it on level 2 of the Dungeon)

   It occasionally heals its wielder for a portion of the damage dealt when it
   wounds a living foe.
   Str:       It affects your strength (-4).
   Dex:       It affects your dexterity (+6).
 y - a +3 morningstar of holy wrath (weapon)
 B - a +0 giant spiked club
Missiles
 f - 3 boomerangs (quivered)
 g - 95 arrows
 j - 132 stones
 k - 41 bolts
 u - 6 poisoned darts
 v - 6 javelins
Armour
 z - a +2 robe (worn)
 A - a +0 kite shield (worn)
Magical Staves
 a - a staff of poison
Jewellery
 q - a ring of flight (left claw)
Wands
 t - a wand of iceblast (5)
Scrolls
 b - a scroll of silence
 c - 2 scrolls of noise
 d - a scroll of immolation
 e - a scroll of identify
 l - a scroll of enchant armour
 r - 2 scrolls of fog
Potions
 i - a potion of might
 m - a potion of heal wounds
 n - 2 potions of brilliance {unknown}
 o - a potion of berserk rage {unknown}
 s - 2 potions of experience {unknown}
 w - a potion of mutation {unknown}
 x - a potion of cancellation {unknown}


   Skills:
 + Level 3.9 Fighting
 + Level 2.0 Short Blades
 + Level 5.9 Maces & Flails
 + Level 0.1 Throwing
 + Level 4.3 Dodging
 + Level 2.0 Stealth


You had 6 spell levels left.
You didn't know any spells.
Your spell library contained the following spells:

 Spells                   Type           Power      Damage    Failure   Level
 Summon Small Mammal      Summ           0%         N/A       80%         1
 Static Discharge         Conj/Air       0%         N/A       90%         2
 Tukima's Dance           Hex            0%         N/A       99%         3
 Passage of Golubria      Tloc           0%         N/A       100%        4
 Lightning Bolt           Conj/Air       0%         1d11      100%        5
 Yara's Violent Unravell  Hex/Tmut       0%         3d3       100%        5
 Maxwell's Capacitive Co  Air            0%         ∞         100%        8


Dungeon Overview and Level Annotations

Branches:
Dungeon (5/15)
 Temple: D:4-7

Altars:
Beogh

Shops:
D:1 [

Annotations:
D:5 3 runed translucent doors, WindUpCitrus's ghost, novice NaFi


Innate Abilities, Weirdness & Mutations

You are too large for most types of armour.
You have claws for hands.
Your natural rate of healing is unusually fast.
You are covered in fur. (AC +1)
You have tough skin. (AC +1)


Message History

You puncture the orc wizard!
You kill the orc wizard!
The orc priest mumbles some strange prayers to Beogh against you.
Pain shoots through your body! The orc closely misses you.
The orc priest barely misses you.
Your Stealth skill increases to level 2!
You sock the orc priest!
The orc priest is almost dead.
The orc priest hits you with a +0 flail.
You block the orc's attack.
The orc priest invokes the aid of Beogh against you.
Beogh smites you! You block the orc priest's attack.
You closely miss the orc priest.
The orc priest is almost dead.
The orc barely misses you.
The orc priest mumbles some strange prayers to Beogh against you.
Beogh smites you! You block the orc priest's attack.
The orc hits you with a +0 flail!
* * * LOW HITPOINT WARNING * * *
The orc hits you but does no damage.
You barely miss the orc priest.
The orc priest is almost dead.
The orc priest hits you with a +0 short sword.
* * * LOW HITPOINT WARNING * * *
The orc priest closely misses you. The orc hits you with a +0 flail.
* * * LOW HITPOINT WARNING * * *
The orc closely misses you.
The orc priest calls down the wrath of Beogh upon you.
Pain shoots through your body!
* * * LOW HITPOINT WARNING * * *
The orc hits you but does no damage.
The orc priest hits you with a +0 short sword.
* * * LOW HITPOINT WARNING * * *
Okay, then.
The orc hits you but does no damage.
You puncture the orc priest!
You kill the orc priest!
The orc priest mumbles some strange prayers to Beogh against you.
Beogh smites you!
You die...

#.######....#.###.....###
#.#....###..#.#8#..8..#8#
#.#....# #..#............
#.#....# #..#8....[_[....
#.'....# #..# ###....#
#### ###.########
#.#......# #.#.@....#
#.#)oo...# #.'.)o...#
###......# .......#+##
####.### .... ###.# #.#


You could see an orc priest and 2 orcs.

Vanquished Creatures
  An ogre (D:4)
  A black bear (D:4)
  Blork the orc (D:4)
  A scorpion (D:5)
  A jelly (D:3)
  4 orc priests (D:5)
  2 hounds
  An iguana (D:4)
  Ijyb (D:3)
  Terence (D:3)
  2 bullfrog skeletons (D:5)
  Natasha (thrice) (D:3)
  5 orc wizards
  A hound zombie (D:5)
  4 adders
  A gnoll (D:1)
  2 worms
  3 dart slugs
  14 orcs
  2 endoplasms (D:1)
  2 giant cockroaches
  6 goblins
  9 hobgoblins
  11 jackals
  A quokka (D:3)
  9 ball pythons
  5 bats
  3 frilled lizards
  6 kobolds
  6 rats
109 creatures vanquished.

Notes
Turn   | Place    | Note
-------+----------+-------------------------------------------
     0 | D:1      | issech the Troll Monk began the quest for the Orb.
     0 | D:1      | Reached XP level 1. HP: 22/22 MP: 0/0
    53 | D:1      | Found Icecutop's Antique Armour Shoppe.
   338 | D:1      | Reached XP level 2. HP: 29/29 MP: 1/1
   339 | D:1      | Reached skill level 3 in Maces & Flails
   587 | D:1      | Found a faded altar of an unknown god.
   610 | D:1      | Got Plato's Grimoire of Creation
   909 | D:1      | Reached XP level 3. HP: 36/36 MP: 2/2
  2039 | D:2      | Identified the +9 whip of Baup {vamp, Str-4 Dex+6}
  2320 | D:3      | Noticed Terence
  2337 | D:3      | Killed Terence
  2338 | D:3      | Reached XP level 4. HP: 42/44 MP: 3/3
  2681 | D:3      | Noticed Natasha
  2686 | D:3      | Killed Natasha
  2687 | D:3      | Reached skill level 1 in Short Blades
  2698 | D:3      | Noticed Natasha
  2704 | D:3      | Killed Natasha
  2705 | D:3      | Reached XP level 5. HP: 47/52 MP: 4/4
  2929 | D:3      | You are sucked into a shaft and drop 2 floors!
  2929 | D:5      | Entered Level 5 of the Dungeon
  3009 | D:5      | Reached XP level 6. HP: 45/61 MP: 5/5
  3065 | D:5      | Reached skill level 4 in Maces & Flails
  3424 | D:4      | Noticed Blork the orc
  3427 | D:4      | Reached XP level 7. HP: 23/67 MP: 6/6
  3743 | D:3      | Noticed Ijyb
  3744 | D:3      | Paralysed by Ijyb for 3 turns
  3750 | D:3      | Paralysed by Ijyb for 2 turns
  3758 | D:3      | Killed Ijyb
  3759 | D:3      | Reached skill level 5 in Maces & Flails
  3862 | D:3      | Noticed Natasha
  3871 | D:3      | Killed Natasha
  4072 | D:4      | Killed Blork the orc
  4724 | D:5      | Found a runed translucent gate.
  4725 | D:5      | Found a runed translucent gate.
  4726 | D:5      | Found a runed translucent gate.
  4728 | D:5      | Noticed WindUpCitrus's ghost (novice NaFi)
  4736 | D:5      | Identified the +10 mace "Laekk" {vorpal, *Noise rN+ Str+3}
  4833 | D:5      | HP: 2/68 [orc priest/+0 short sword (5)]
  4835 | D:5      | Killed from afar by an orc priest

Illustrated notes

Levels and vault maps discovered:
D:1:      dpeg_arrival_round_a, layout_loops_corners, serial_shops,
          shop_fountains, shapermc_ecumenical_altar_rom_forum
D:2:      layout_basic, minmay_hedge_maze, corexii_item_surrounded_by_moat,
          grunt_ministairs_8, kennysheep_generic_room_6
D:3:      layout_loops_corners, uniq_terence, uniq_natasha, uniq_ijyb
D:4:      layout_basic, uniq_blork_the_orc
D:5:      layout_basic, biasface_ghost_orc_armoury

Skill      XL: |  1  2  3  4  5  6  7 |
---------------+----------------------+-----
Maces & Flails | 3 4 5 |  5.9
Dodging        | 3 4 |  4.3
Short Blades   | 1 2 |  2.0
Fighting       | 3 |  3.9
Stealth        | 2 |  2.0
Throwing       | |  0.1

Action                   |  1- 3 |  4- 6 |  7- 9 || total
-------------------------+-------+-------+-------++-------
Melee: Mace              |    38 |       |       ||    38
       Dagger            |    76 |       |       ||    76
       Whip              |    13 |   119 |    68 ||   200
       Punch             |       |     4 |     2 ||     6
       Morningstar       |       |       |    23 ||    23
Throw: Boomerang         |       |       |     2 ||     2
  Use: Scroll            |       |     3 |     3 ||     6
 Stab: Sleeping          |     2 |     2 |       ||     4
Armor: Robe              |    39 |    27 |    24 ||    90
Dodge: Dodged            |    65 |    47 |    56 ||   168
Block: Kite shield       |       |       |    15 ||    15
